 Dungeon Crawl Stone Soup version 0.20.0-15-g7f486f2 (webtiles) character file.

10026 Chiseanne the Fighter (level 11, -8/92 HPs)
             Began as a Demonspawn Wanderer on June 25, 2017.
             Was an Initiate of Gozag.
             Mangled by a cyclops (15 damage)
             ... on level 11 of the Dungeon.
             The game lasted 00:27:25 (13164 turns).

Chiseanne the Fighter (Demonspawn Wanderer)        Turns: 13164, Time: 00:27:25

Health: -8/92      AC: 27    Str: 17 (19) XL:     11   Next: 30%
Magic:  12/12      EV: 19    Int: 16 (17) God:    Gozag
Gold:   927        SH:  0    Dex: 20 (21) Spells: 12/12 levels left

rFire    + . .     SeeInvis .   s - +3 mace (protect)
rCold    . . .     Gourm    .   (no shield)
rNeg     . . .     Faith    .   R - +1 plate armour {rF+}
rPois    +         Spirit   .   (helmet restricted)
rElec    .         Reflect  .   (no cloak)
rCorr    .         Harm     .   A - +1 pair of gloves
MR       .....                  j - +0 pair of boots
Stlth    ..........             (no amulet)
Regen    0.3/turn               p - +4 ring of evasion
MPRegen  0.2/turn               k - ring of Equivalence {rPois Str+4 Int+6}

@: confused, agile, protection aura, flying, hasted, drained, very quick
A: horns 1, molten scales 1
a: Potion Petition, Call Merchant, Bribe Branch, Renounce Religion


You were on level 11 of the Dungeon.
You worshipped Gozag.
Gozag was pleased with you.
You were very full.

You visited 2 branches of the dungeon, and saw 12 of its levels.

You collected 1645 gold pieces.
You spent 187 gold pieces at shops.
You paid 531 gold pieces to Gozag.

Inventory:

Hand Weapons
 a - the +4 trident "Rieps" {antimagic, +Blink +Fly Int+8 Dex-3}
   (You bought it in a shop on level 8 of the Dungeon)

   It reduces the magical energy of the wielder, and disrupts the spells and
   magical abilities of those hit.
   Natural abilities and divine invocations are not affected.
   It affects your intelligence (+8).
   It affects your dexterity (-3).
   It lets you fly.
   It lets you blink.
 s - a +3 mace of protection (weapon)
 v - a +0 blowgun
Missiles
 c - 87 bolts
 e - 216 stones
 m - 115 sling bullets
 u - 69 poisoned needles
 y - 154 arrows
 z - 4 exploding tomahawks
 C - 15 tomahawks
 D - 4 poisoned tomahawks (quivered)
 J - a throwing net
Armour
 j - a +0 pair of boots (worn)
 A - a +1 pair of gloves (worn)
 R - a +1 plate armour of fire resistance (worn)
Jewellery
 i - an uncursed ring of protection from fire
 k - the ring of Equivalence (right hand) {rPois Str+4 Int+6}
   (You found it on level 5 of the Dungeon)

   [ring of intelligence]

   It affects your strength (+4).
   It affects your intelligence (+6).
   It protects you from poison.
 n - an uncursed ring of resist corrosion
 p - a +4 ring of evasion (left hand)
Wands
 B - a wand of random effects (11/48)
 F - a wand of disintegration (5/24)
 G - a wand of lightning (0/15)
 O - a wand of lightning (4/15)
 Q - a wand of digging (20/24)
Scrolls
 d - 2 scrolls of blinking
 g - a scroll of recharging
 o - 4 scrolls of teleportation
 r - 2 scrolls of fog
 x - a scroll of magic mapping
 H - 3 scrolls of remove curse
 P - a scroll of enchant armour
Potions
 h - a potion of ambrosia
 l - a potion of brilliance
 q - 2 potions of mutation
 M - a potion of degeneration
Books
 L - a book of Frost

   Spells                             Type                      Level
   a - Freeze                         Ice                          1
   b - Throw Frost                    Conjuration/Ice              2
   c - Ozocubu's Armour               Charms/Ice                   3
   d - Throw Icicle                   Conjuration/Ice              4
   e - Summon Ice Beast               Ice/Summoning                4
Comestibles
 f - 3 bread rations
 t - 2 meat rations


   Skills:
 * Level 10.3(9.3) Fighting
 - Level 1.7(0.9) Polearms
 * Level 9.3(8.3) Armour
 * Level 9.5(8.5) Dodging
 - Level 1.0(0.1) Stealth
   Level 1.0(0.1) Shields
 - Level 1.0(0.2) Spellcasting
   Level 1.0(0.2) Summonings
   Level 2.6(1.8) Fire Magic
 - Level 1.0(0.2) Evocations


You had 12 spell levels left.
You didn't know any spells.

Dungeon Overview and Level Annotations

Branches:
Dungeon (11/15)            Temple (1/1) D:7            Lair (0/6) D:11
    Orc (0/2) D:10

Altars:
Ashenzari
Cheibriados
Dithmenos
Elyvilon
Fedhas
Gozag
Hepliaklqana
Kikubaaqudgha
Makhleb
Nemelex Xobeh
Okawaru
Ru
Sif Muna
Trog
Uskayaw
Vehumet
Xom
Yredelemnul
Zin
The Shining One

Shops:
D:8 (

Annotations:
D:2 1 runed door
D:8 Gastronok
D:10 exclusion: obsidian statue
D:11 Harold


Innate Abilities, Weirdness & Mutations

You have a pair of small horns on your head.
You are partially covered in molten scales. (AC +2)


Message History

* * * LOW HITPOINT WARNING * * *
It was a potion of flight.
You feel very buoyant.
You fly up into the air.
You sock the cyclops!
The cyclops is heavily wounded.
The wight completely misses you. The cyclops hits you!
* * * LOW HITPOINT WARNING * * *
Okay, then.
You're too confused!
You're too confused!
Unknown command.
It was a potion of agility.
You feel agile all of a sudden. The wight misses you.
You barely miss the cyclops.
The cyclops is heavily wounded.
The cyclops hits you!
You die...
Your body crumbles into a pile of gold.

..#...####
###......#
......###.# #####.#
#.# #.###.# #.#...#
#.#.### # .
#.#.#######.# ..C
#..ZzC@(..((#
.....###(##########
#........#
............#
###.........#
.....)......#
###.##......# ...
+.$...... ##.
#.....####


You could see a cyclops, a wight and a centaur warrior zombie.

Vanquished Creatures
  2 two-headed ogres (D:9)
  The ghost of Xenophilius the Basher, a novice BaFi (D:8)
  The ghost of Cral the Purveyor of Pain, a novice DDNe of Kikubaaqudgha (D:7)
  Pikel (D:5)
  An ugly thing (D:10)
  The ghost of destino the Changer, a novice OpTm (D:5)
  A troll (D:10)
  Grinder (D:6)
  Prince Ribbit (D:7)
  A hippogriff (D:9)
  2 yaks (D:7)
  A shadow (D:11)
  2 hogs (D:7)
  A human (D:7)
  2 hungry ghosts
  3 water moccasins
  5 orc warriors
  An ice beast (D:7)
  2 phantoms
  8 ogres
  3 centaurs
  2 big kobolds
  3 bullfrogs
  3 scorpions
  6 killer bees (D:11)
  2 wights
  A howler monkey (D:7)
  5 crimson imps
  A quasit (D:6)
  4 bullfrog skeletons
  2 centaur skeletons
  2 hounds
  3 orc priests
  A jelly (D:5)
  12 orc wizards
  Jessica (D:3)
  12 worker ants
  2 howler monkey zombies (D:6)
  3 worker ant zombies
  8 adders
  2 shadow imps
  2 oozes (D:3)
  An adder zombie (D:5)
  5 adder skeletons
  A dart slug (D:1)
  3 leopard geckos
  35 orcs
  A ball python (D:5)
  3 giant cockroaches
  5 goblins
  13 hobgoblins
  6 jackals
  16 kobolds
  5 quokkas
  4 bats (D:3)
  4 frilled lizards
  A giant cockroach zombie (D:5)
  A goblin skeleton (D:4)
  3 goblin zombies (D:4)
  3 hobgoblin zombies (D:4)
  An orc skeleton (D:4)
  3 orc zombies (D:4)
  A quokka zombie (D:7)
  4 rats
237 creatures vanquished.

Vanquished Creatures (others)
  A sky beast (D:5)
  An orc wizard (D:5)
2 creatures vanquished.

Grand Total: 239 creatures vanquished

Notes
Turn   | Place    | Note
-------+----------+-------------------------------------------
     0 | D:1      | Chiseanne the Demonspawn Wanderer began the quest for the Orb.
     0 | D:1      | Chiseanne set off with: a +2 spear, the Disquisition on Venom, the Compendium of Flames, a +0 robe, a bread ration
     0 | D:1      | Reached XP level 1. HP: 13/13 MP: 2/2
     1 | D:1      | Identified the Disquisition on Venom
     1 | D:1      | Identified the Compendium of Flames
   239 | D:1      | Reached skill level 1 in Fighting
   239 | D:1      | Reached skill level 1 in Dodging
   250 | D:1      | Gained mutation: You are partially covered in molten scales. (AC +2) [demonic ancestry]
   250 | D:1      | Reached XP level 2. HP: 16/21 MP: 3/3
   882 | D:2      | Reached XP level 3. HP: 16/27 MP: 4/4
  1139 | D:2      | Found a runed door.
  1238 | D:2      | You fall through a shaft for 2 floors!
  1272 | D:3      | Reached skill level 2 in Fighting
  1272 | D:3      | Reached skill level 1 in Armour
  1284 | D:3      | Reached XP level 4. HP: 23/33 MP: 5/5
  2287 | D:3      | Found a faded altar of an unknown god.
  2365 | D:3      | Noticed Jessica
  2378 | D:3      | Killed Jessica
  2378 | D:3      | Reached XP level 5. HP: 36/40 MP: 6/6
  2476 | D:4      | Reached skill level 3 in Fighting
  2719 | D:4      | Found a glowing golden altar of the Shining One.
  2761 | D:4      | Reached XP level 6. HP: 42/47 MP: 7/7
  3273 | D:4      | Reached skill level 4 in Fighting
  3482 | D:4      | Gained mutation: You have a pair of small horns on your head. [demonic ancestry]
  3482 | D:4      | Reached XP level 7. HP: 53/54 MP: 8/8
  3585 | D:5      | Entered Level 5 of the Dungeon
  3589 | D:5      | Noticed destino's ghost (novice OpTm)
  3615 | D:5      | Killed destino's ghost
  3779 | D:5      | Reached skill level 5 in Fighting
  4082 | D:5      | Got a glittering steel ring
  4101 | D:5      | Reached XP level 8. HP: 60/62 MP: 9/9
  4105 | D:5      | Identified the ring of Equivalence {rPois Str+4 Int+6} (You found it on level 5 of the Dungeon)
  4133 | D:5      | Reached skill level 5 in Dodging
  4575 | D:6      | Reached skill level 6 in Fighting
  4575 | D:6      | Reached skill level 5 in Armour
  4851 | D:6      | Noticed Pikel
  4888 | D:5      | Killed Pikel
  5065 | D:6      | Reached XP level 9. HP: 69/71 MP: 10/10
  5146 | D:6      | Noticed Grinder
  5162 | D:6      | Killed Grinder
  5318 | D:6      | HP: 3/71 [orc warrior/scimitar (12)]
  5322 | D:6      | Reached skill level 7 in Fighting
  5675 | D:6      | Found a shattered altar of Ashenzari.
  5924 | D:7      | Noticed Prince Ribbit
  5947 | D:7      | Killed Prince Ribbit
  6159 | D:7      | Found a glowing silver altar of Zin.
  6263 | D:7      | Found a staircase to the Ecumenical Temple.
  6279 | Temple   | Entered the Ecumenical Temple
  6510 | Temple   | Became a worshipper of Gozag Ym Sagoz the Greedy
  6581 | D:7      | Noticed Cral's ghost (novice DDNe)
  6611 | D:7      | Killed Cral's ghost
  6611 | D:7      | Reached skill level 8 in Fighting
  7052 | D:7      | Reached XP level 10. HP: 74/81 MP: 11/11
  7431 | D:7      | Identified a scroll of acquirement
  7703 | D:8      | Noticed Xenophilius's ghost (novice BaFi)
  7865 | D:8      | Killed Xenophilius's ghost
  8096 | D:8      | Noticed Gastronok
  8266 | D:8      | Reached skill level 9 in Fighting
  8595 | D:8      | Bought a twisted trident for 187 gold pieces
  8597 | D:8      | Identified the +4 trident "Rieps" {antimagic, +Blink +Fly Int+8 Dex-3} (You bought it in a shop on level 8 of the Dungeon)
  9566 | D:9      | Noticed a two-headed ogre
  9610 | D:9      | Killed a two-headed ogre
 10204 | D:9      | Noticed a two-headed ogre
 10230 | D:9      | Killed a two-headed ogre
 10238 | D:9      | Reached XP level 11. HP: 19/90 MP: 4/12
 10767 | D:9      | Found a deep blue altar of Sif Muna.
 10776 | D:9      | Found an ancient bone altar of Kikubaaqudgha.
 10792 | D:9      | Found a radiant altar of Vehumet.
 10922 | D:10     | Entered Level 10 of the Dungeon
 10950 | D:10     | Found a staircase to the Orcish Mines.
 10973 | D:10     | Reached skill level 10 in Fighting
 11205 | D:10     | Noticed an obsidian statue
 11677 | D:11     | Noticed a purple ugly thing
 11720 | D:10     | Killed a purple ugly thing
 12135 | D:11     | Found a staircase to the Lair.
 12150 | D:11     | Noticed an eight-headed hydra
 13104 | D:11     | Noticed Harold
 13164 | D:11     | Mangled by a cyclops

Skill      XL: |  1  2  3  4  5  6  7  8  9 10 11 |
---------------+----------------------------------+-----
Fighting       | 1 2 3 4 5 6 8 9 10 | 10.3
Dodging        | 1 2 3 4 6 7 9 |  9.5
Armour         | 1 2 3 4 5 7 8 9 |  9.3
Polearms       | |  1.7
Stealth        | |  1.0
Shields        | |  1.0
Spellcasting   | |  1.0
Summonings     | |  1.0
Fire Magic     | |  2.6
Evocations     | |  1.0

Action                   |  1- 3 |  4- 6 |  7- 9 | 10-12 || total
-------------------------+-------+-------+-------+-------++-------
Melee: Spear             |    75 |   277 |     2 |       ||   354
       Mace              |       |       |   404 |   215 ||   619
       Headbutt          |       |       |    78 |   104 ||   182
       Trident           |       |       |       |   277 ||   277
 Fire: Blowgun           |       |     4 |       |       ||     4
Throw: Tomahawk          |       |       |       |     8 ||     8
Invok: Call Merchant     |       |       |       |     1 ||     1
Evoke: Wand              |       |       |     2 |    18 ||    20
  Use: Potion            |       |     4 |     5 |     8 ||    17
       Scroll            |       |       |    13 |    12 ||    25
 Stab: Sleeping          |     2 |       |       |       ||     2
       Distracted        |     1 |       |       |     2 ||     3
       Paralysed         |       |       |       |     3 ||     3
  Eat: Chunk             |     1 |     7 |     8 |       ||    16
       Royal jelly       |       |       |     4 |     5 ||     9
       Fruit             |       |       |     2 |     1 ||     3
       Bread ration      |       |       |     2 |     3 ||     5
Armor: Robe              |     4 |       |       |       ||     4
       Ring mail         |    28 |    64 |       |       ||    92
       Scale mail        |       |    64 |   284 |   177 ||   525
       Plate armour      |       |       |       |    57 ||    57
Dodge: Dodged            |    34 |   159 |   367 |   454 ||  1014
